 Dungeon Crawl Stone Soup version 0.29-a0-1065-g47a6bb87d6 (webtiles) character file.

Game seed: 13551338149222862521

56 zishaf the Trooper (level 3, -7/33 HPs)
             Began as a Demigod Wanderer on Aug 18, 2022.
             Killed from afar by Natasha (10 damage)
             ... with a magic dart
             ... on level 2 of the Dungeon.
             The game lasted 00:02:14 (1543 turns).

zishaf the Trooper (Demigod Wanderer)               Turns: 1543, Time: 00:02:15

Health: -7/33      AC:  0    Str: 11    XL:     3   Next: 47%
Magic:  5/5        EV: 14    Int: 18    God:
Gold:   38         SH:  0    Dex: 15    Spells: 2/2 levels left

rFire   . . .      SeeInvis .   (weapon currently unavailable)
rCold   . . .      Faith    .   (shield currently unavailable)
rNeg    . . .      Spirit   .   (body armour currently unavailable)
rPois   .          Reflect  .   (helmet currently unavailable)
rElec   .          Harm     .   (cloak currently unavailable)
rCorr   .          Rampage  .   (gloves currently unavailable)
Will    .....                   (boots currently unavailable)
Stlth   +.........              (no amulet)
HPRegen 0.11/turn               (ring currently unavailable)
MPRegen 0.09/turn               (ring currently unavailable)

@: pig-form (expiring), very quick
A: fast, no casting, small, high MP 1, forlorn, divine attributes
a: no special abilities


You were on level 2 of the Dungeon.
You were a filthy swine.
You visited 1 branch of the dungeon, and saw 2 of its levels.

You collected 88 gold pieces.
You spent 50 gold pieces at shops.

Inventory:

Hand Weapons
 a - a +3 dagger (melded)
Missiles
 b - 2 curare-tipped darts
 q - 4 silver javelins
Armour
 e - a +0 robe
 g - a +0 cloak (melded)
 o - a +0 ring mail (melded)
Wands
 r - a wand of polymorph (11)
Scrolls
 f - 3 scrolls of identify {unknown}
 h - a scroll of blinking {unknown}
 j - a scroll of magic mapping {unknown}
 l - a scroll of summoning {unknown}
Potions
 c - a potion of curing
 d - 3 potions of heal wounds
 i - a potion of lignification {unknown}
 k - a potion of magic {unknown}
 m - a potion of attraction {unknown}
 n - 2 potions of brilliance {unknown}
 p - 2 potions of resistance {unknown}


   Skills:
 + Level 4.0 Fighting
 + Level 1.3 Short Blades
 - Level 2.0 Throwing
 - Level 1.0 Armour
 - Level 2.0 Dodging
 + Level 1.9 Evocations


You had 2 spell levels left.
You didn't know any spells.
Your spell library contained the following spells:

 Spells                   Type           Power      Damage    Failure   Level
 Call Canine Familiar     Summ           0%         N/A       54%         3
 Portal Projectile        Hex/Tloc       0%         N/A       54%         3
 Leda's Liquefaction      Hex/Erth       0%         N/A       91%         4


Dungeon Overview and Level Annotations

Branches:
Dungeon (2/15)

Shops:
D:1 *

Annotations:
D:2 Natasha


Innate Abilities, Weirdness & Mutations

You are a filthy swine.
You move quickly.
Your equipment is almost entirely melded.
You are incapable of wielding weapons or throwing items.
You cannot cast spells.
You have an increased reservoir of magic. (+10% MP)
You shall have no god before yourself.
Your divine heritage dramatically boosts your attributes as you level up.


Message History

You hit Natasha.
Natasha is lightly wounded.
You hit Natasha.
Natasha is lightly wounded.
Natasha misses you.
You hit Natasha.
Natasha is moderately wounded.
Natasha completely misses you. The endoplasm hits you.
You barely miss Natasha.
Natasha is moderately wounded.
Natasha closely misses you. The endoplasm closely misses you.
You closely miss Natasha.
Natasha is moderately wounded.
Natasha barely misses you. The endoplasm closely misses you.
You hit Natasha but do no damage.
Natasha is moderately wounded.
Natasha closely misses you. The endoplasm barely misses you.
You barely miss Natasha.
Natasha is moderately wounded.
Natasha barely misses you. The endoplasm freezes you.
You are frozen.
You closely miss Natasha.
Natasha is moderately wounded.
Natasha claws you. The endoplasm closely misses you.
You barely miss Natasha.
Natasha is moderately wounded.
Natasha claws you!
The endoplasm jiggles.
The endoplasm closely misses you.
You barely miss Natasha.
Natasha is moderately wounded.
Natasha claws you. The endoplasm hits you.
Your transformation is almost over.
Natasha casts a spell at you. The magic dart hits you!
* * * LOW HITPOINT WARNING * * *
Natasha stares at you and mumbles some strange words.
The magic dart hits you!
You die...

#...# # #...# .#
#####...###########.#
....................#
#####...#..###.....##.#.
#...#..###.#.(......
#...#.........#####.
#...#.####.#..# #...#.#
#..h.# ......# ####.#
##..#### #.#####.#
#.......# ##h#.##.#
#J#.# #.#.# ## #.#.# ###
#.####.#.# #


You could see Natasha and an endoplasm.

Vanquished Creatures
  3 adders (D:2)
  2 ball pythons (D:1)
  3 endoplasms (D:1)
  A giant cockroach (D:2)
  A goblin (D:1)
  A hobgoblin (D:1)
  5 kobolds
  6 quokkas
  3 bats (D:1)
  A frilled lizard (D:2)
  2 rats
28 creatures vanquished.

Notes
Turn   | Place    | Note
-------+----------+-------------------------------------------
     0 | D:1      | zishaf the Demigod Wanderer began the quest for the Orb.
     0 | D:1      | zishaf set off with the following items: a +3 dagger, 2
                  | curare-tipped darts, a potion of curing, a potion of heal
                  | wounds, a +0 robe.
     0 | D:1      | Reached XP level 1. HP: 19/19 MP: 3/3
    55 | D:1      | Found Xapliasi's General Store.
   294 | D:1      | Reached XP level 2. HP: 14/27 MP: 4/4
  1254 | D:1      | Bought a potion of heal wounds for 50 gold pieces
  1306 | D:2      | Reached skill level 1 in Short Blades
  1306 | D:2      | Reached XP level 3. HP: 33/33 MP: 5/5
  1307 | D:2      | Reached skill level 4 in Fighting
  1520 | D:2      | Noticed Natasha
  1543 | D:2      | Killed from afar by Natasha

Illustrated notes

Levels and vault maps discovered:
D:1:      sevenhm_arrival_forest_fort_small_6, layout_basic, serial_shops,
          nicolae_shop_hallway_plus,
          dreamdust_ecumenical_altar_angels_and_demons
D:2:      layout_loops_ring, serial_shops, nicolae_shop_statue_plus,
          uniq_natasha

Skill      XL: |  1  2  3 |
---------------+----------+-----
Throwing       | 2 |  2.0
Dodging        | 2 |  2.0
Short Blades   | 1 |  1.3
Fighting       | 4 |  4.0
Armour         | |  1.0
Evocations     | |  1.9

Action                   || total
-------------------------++-------
Melee: Dagger            ||   106
       Unarmed           ||    10
Throw: Javelin           ||     2
 Stab: Sleeping          ||     1
Armor: Robe              ||    10
       Ring mail         ||    33
Dodge: Dodged            ||    80

Table legend: (Time is in decaauts)
 A = Elapsed time spent in this place.
 B = Non-inter-level travel time spent in this place.
 C = Inter-level travel time spent in this place.
 D = Time resting spent in this place.
 E = Time spent auto-exploring this place.
 F = Levels seen in this place.
 G = Mean time per level.
                   A        B        C        D        E       F      G
               +--------+--------+--------+--------+--------+-----+--------+
         Total |   1538 |   1434 |    104 |      0 |   1167 |   2 |  769.0 |
       Dungeon |   1538 |   1434 |    104 |      0 |   1167 |   2 |  769.0 |
               +--------+--------+--------+--------+--------+-----+--------+

Top non-repeatable levels by time:
     D:1: 1222 daAuts
     D:2: 315 daAuts
